 Dungeon Crawl Stone Soup version 0.27.0-66-gdc8fb28755 (webtiles) character file.

Game seed: 7508992563976491283

203562 nxtlvl the Unseen (level 18, -9/133 HPs)
             Began as a Formicid Fire Elementalist on Aug 19, 2021.
             Was a Follower of Uskayaw.
             Constricted to death by Jorgrun (17 damage)
             ... on level 12 of the Dungeon on Aug 20, 2021.
             The game lasted 05:12:40 (15753 turns).

nxtlvl the Unseen (Formicid Fire Elementalist)     Turns: 15753, Time: 05:12:40

Health: -9/133     AC: 20    Str: 15    XL:     18   Next: 75%
Magic:  30/40      EV: 15    Int: 23    God:    Uskayaw [*.....]
Gold:   1880       SH: 18    Dex: 17    Spells: 9/36 levels left

rFire    + . .     SeeInvis +   a - +7 pair of quick blades "Gyre" and "Gimble" {protect}
rCold    + + +     Faith    .   f - +2 kite shield {reflect}
rNeg     + + .     Spirit   .   c - +2 robe {rC+ rF+}
rPois    .         Reflect  +   (helmet unavailable)
rElec    .         Harm     .   d - +1 cloak "Firit" {rN+}
rCorr    .         Rampage  .   e - +4 pair of gloves "Lapyn" {rN+ Dex+2}
Will     +....                  g - +1 pair of boots of the Dice {rC++ Int+2 Dex-2 SInv}
Stlth    ++++++....             z - amulet of Zegy {Reflect Regen+ SH+5}
HPRegen  1.32/turn              p - +6 ring of dexterity
MPRegen  0.27/turn              O - ring of magical power

@: mighty, grasped by roots, under a protective aura, constricted
A: permanent stasis, dig shafts and tunnels, antennae 3, four strong arms
}: 2/15 runes: decaying, gossamer
a: Dig, Shaft Self, Renounce Religion, Stomp


You were on level 12 of the Dungeon.
You worshipped Uskayaw.
Uskayaw was pleased with you.
You visited 6 branches of the dungeon, and saw 29 of its levels.
You also visited: Sewer.

You collected 3470 gold pieces.
You spent 1590 gold pieces at shops.

Inventory:

Hand Weapons
 a - the +7 pair of quick blades "Gyre" and "Gimble" (weapon) {protect}
   (You found it on level 5 of the Dungeon)

   It grants its wielder temporary protection when it strikes (+7 to AC).
Missiles
 q - 4 curare-tipped darts (quivered)
 w - 5 boomerangs of dispersal
 Q - 2 throwing nets
Armour
 c - a +2 robe of resistance (worn)
 d - the +1 cloak "Firit" (worn) {rN+}
   (You found it on level 4 of the Lair of Beasts)

   rN:        It protects you from negative energy.
 e - the +4 pair of gloves "Lapyn" (worn) {rN+ Dex+2}
   (You acquired it on level 6 of the Lair of Beasts)

   Dex:       It affects your dexterity (+2).
   rN:        It protects you from negative energy.
 f - a +2 kite shield of reflection (worn)
 g - the +1 pair of boots of the Dice (worn) {rC++ Int+2 Dex-2 SInv}
   (You bought it in a shop on level 2 of the Orcish Mines)

   Int:       It affects your intelligence (+2).
   Dex:       It affects your dexterity (-2).
   rC:        It greatly protects you from cold.
   SInv:      It lets you see invisible.
 h - +1 swamp dragon scales
 i - a +0 troll leather armour
 j - a +2 robe of the Archmagi
Magical Staves
 b - a staff of conjuration
Jewellery
 l - a ring of flight
 o - a ring of wizardry
 p - a +6 ring of dexterity (left hand)
 z - the amulet of Zegy (around neck) {Reflect Regen+ SH+5}
   (You bought it in a shop on level 4 of the Dungeon)

   [amulet of reflection]

   It reflects blocked missile attacks.
   Regen:     It increases your rate of health regeneration.
   SH:        It affects your SH (+5).
 O - a ring of magical power (right hand)
 P - a ring of positive energy
Wands
 v - a wand of paralysis (9)
 B - a wand of flame (24)
 F - a wand of acid (4)
 G - a wand of charming (11)
 V - a wand of iceblast (31)
Scrolls
 k - a scroll of silence
 r - 4 scrolls of vulnerability
 s - 4 scrolls of fear
 t - 9 scrolls of magic mapping
 u - 2 scrolls of fog
 A - 5 scrolls of teleportation {unknown}
 E - 4 scrolls of enchant weapon
 I - 2 scrolls of summoning
 M - 2 scrolls of amnesia
 N - a scroll of torment
 W - 2 scrolls of immolation
Potions
 m - 4 potions of mutation
 x - a potion of magic
 y - 4 potions of brilliance
 C - 6 potions of ambrosia
 D - 4 potions of lignification
 L - 3 potions of attraction
 R - 9 potions of curing
 S - 6 potions of flight
Miscellaneous
 n - a tin of tremorstones (2/2)
 U - a tin of tremorstones (2/2)


   Skills:
 + Level 9.4 Fighting
 - Level 8.0 Short Blades
 + Level 9.9 Dodging
 + Level 15.4 Stealth
 - Level 9.0 Shields
 + Level 9.5 Spellcasting
 + Level 12.7 Conjurations
 + Level 14.0 Fire Magic
 + Level 2.0 Earth Magic
 + Level 14.2 Invocations


You had 9 spell levels left.
You knew the following spells:

 Your Spells              Type           Power      Damage    Failure   Level
b - Starburst             Conj/Fire      32%        6d10      3%          6
c - Fireball              Conj/Fire      32%        3d14      1%          5
q - Inner Flame           Hex/Fire       43%        N/A       1%          3
v - Bolt of Magma         Conj/Fire/Erth 26%        4d12      3%          5
x - Sticky Flame          Conj/Fire      64%        2d8       1%          4
z - Foxfire               Conj/Fire      100%       2x1d9     1%          1
Z - Conjure Flame         Conj/Fire      64%        6-21      1%          3

Your spell library contained the following spells:

 Spells                   Type           Power      Damage    Failure   Level
 Magic Dart               Conj           100%       1d8       1%          1
 Static Discharge         Conj/Air       40%        N/A       1%          2
 Dazzling Flash           Conj/Hex       80%        N/A       1%          3
 Ignite Poison            Fire/Tmut/Pois 32%        N/A       2%          3
 Mephitic Cloud           Conj/Pois/Air  30%        N/A       3%          3
 Fulminant Prism          Conj/Hex       20%        3d13      4%          4
 Iskenderun's Mystic Bla  Conj/Tloc      40%        2d9       4%          4
 Call Imp                 Summ           10%        N/A       9%          2
 Corpse Rot               Necr/Air       N/A        N/A       9%          2
 Poisonous Vapours        Pois/Air       20%        N/A       9%          2
 Lesser Beckoning         Tloc           5%         N/A       19%         3
 Freezing Cloud           Conj/Ice/Air   15%        6-21      28%         5
 Petrify                  Tmut/Erth      15%        N/A       36%         4
 Dispel Undead            Necr           10%        3d9       52%         4
 Lee's Rapid Deconstruct  Erth           10%        3d9*      58%         5
 Manifold Assault         Tloc           10%        N/A       86%         5
 Metabolic Englaciation   Hex/Ice        5%         N/A       86%         5
 Statue Form              Tmut/Erth      10%        N/A       99%         6
 Blink                    Tloc           Unusable   N/A       N/A         2

Dungeon Overview and Level Annotations

Branches:
Dungeon (12/15)            Temple (1/1) D:6            Lair (6/6) D:8
  Swamp (4/4) Lair:3       Spider (4/4) Lair:3          Orc (2/2) D:10
    Elf (0/3) Orc:2         Sewer (visited)
  Slime: Lair:5-6

Altars:
Ashenzari
Cheibriados
Dithmenos
Elyvilon
Fedhas
Gozag
Hepliaklqana
Kikubaaqudgha
Makhleb
Nemelex Xobeh
Okawaru
Qazlal
Ru
Sif Muna
Trog
Uskayaw
Vehumet
Wu Jian
Xom
Yredelemnul
Zin
The Shining One
Beogh
Lugonu

Shops:
D:4 =   Orc:2 ![*!

Portals:
Abyss: Lair:6

Annotations:
D:2 exclusion: downstairs
D:3 Grinder
D:5 3 runed translucent doors, RatsInWalls's ghost, amateur MfTm
D:10 Urug
D:12 Jorgrun
Lair:3 Snorg
Lair:4 exclusion: downstairs
Swamp:3 exclusion: downstairs
Swamp:4 1 runed translucent door, robertstho's ghost, adept MiHu
Spider:1 karkarkar's ghost, journeyman MiBe
Spider:2 Arachne
Spider:4 Roxanne


Innate Abilities, Weirdness & Mutations

You cannot be hasted, slowed, berserked, paralysed or teleported.
You can dig through walls and to a lower floor.
You have a pair of large antennae on your head. (SInv)
Your four strong arms can wield two-handed weapons with a shield.


Message History

The grasping roots constrict you!
The slime creature quivers.
You can no longer pass through a line of other dancers.
Jorgrun hits you with a +0 vorpal quarterstaff.
The grasping roots constrict you! Jorgrun casts a spell at you.
The iron shot hits you!!
* * * LOW HITPOINT WARNING * * *
The grasping roots constrict you!
* * * LOW HITPOINT WARNING * * *
A slime creature comes into view.
Jorgrun hits you with a +0 vorpal quarterstaff!
* * * LOW HITPOINT WARNING * * *
The grasping roots constrict you!
* * * LOW HITPOINT WARNING * * *
Jorgrun hits you with a +0 vorpal quarterstaff.
* * * LOW HITPOINT WARNING * * *
The grasping roots constrict you!
* * * LOW HITPOINT WARNING * * *
You turn to flesh and can move again.
Unknown command.
You feel much better.
Jorgrun hits you with a +0 vorpal quarterstaff!
* * * LOW HITPOINT WARNING * * *
x2 The grasping roots constrict you.
* * * LOW HITPOINT WARNING * * *
You feel much better. You block Jorgrun's attack.
The grasping roots constrict you!
* * * LOW HITPOINT WARNING * * *
You feel very mighty all of a sudden. You block Jorgrun's attack.
The grasping roots constrict you!
* * * LOW HITPOINT WARNING * * *
You puncture Jorgrun!
Your weapon exudes an aura of protection.
You puncture Jorgrun! You puncture Jorgrun! x2
Jorgrun hits you with a +0 vorpal quarterstaff!
* * * LOW HITPOINT WARNING * * *
x2 The grasping roots constrict you!
You die...

# ###### ############ #
..#...#####..##..#...###
#{##....#.##..##(###..#
{{#...{##....#...#.....#.
#..##@.##....##.#.###.
.#.####Jg###...≈..#†...#..
.J≈.....J#...≈≈≈≈†........
.≈≈≈≈.≈≈≈≈≈§g≈≈≈≈≈≈§.≈≈≈≈≈
≈J.≈≈≈.≈≈≈≈§§≈≈≈≈≈§§§≈≈≈≈≈
≈≈≈≈≈≈≈.≈≈≈≈§#≈≈≈≈§≈§≈≈≈≈≈
≈≈≈≈≈≈≈≈≈≈≈#≈#≈≈≈≈≈≈≈≈≈##≈
≈≈≈≈≈≈≈≈≈≈≈≈≈≈≈≈≈≈≈≈≈≈≈≈≈≈
≈≈≈≈≈≈≈≈.≈≈≈≈#≈≈≈≈≈≈≈≈≈###


You could see Jorgrun and 2 slime creatures.

Vanquished Creatures
  Bai Suzhen (Spider:4)
  A tentacled monstrosity (Swamp:2)
  Donald (Spider:1)
  Gastronok (D:8)
  An azure jelly (Lair:6)
  5 ghost moths
  2 orc warlords (Orc:1)
  3 emperor scorpions
  An entropy weaver (Spider:1)
  4 bunyips
  Azrael (Spider:2)
  2 green deaths (Swamp:4)
  5 spark wasps
  3 eleionomae
  Josephine (Orc:1)
  17 hydras
  Fannar (Lair:2)
  A great orb of eyes (Swamp:4)
  2 hell beasts (Swamp:4)
  A catoblepas (Lair:5)
  2 ghost crabs
  3 two-headed ogres
  8 death yaks
  2 orc high priests (Orc:2)
  6 alligators
  5 thrashing horrors
  6 swamp dragons
  3 spriggan druids (Swamp:4)
  3 goliath frogs
  10 bog bodies
  2 deep elf pyromancers (Orc:2)
  26 wolf spiders
  17 orb spiders
  6 orc knights
  An oklob plant (Lair:5)
  A cyclops (D:12)
  7 orc sorcerers
  A manticore (D:11)
  7 ugly things
  6 elephants
  A will-o-the-wisp (Swamp:1)
  A moth of wrath (Spider:4)
  2 orange demons (Swamp:4)
  7 black mambas
  9 cane toads
  A torpor snail (Spider:1)
  A gargoyle (D:10)
  3 smoke demons (Lair:6)
  Psyche (D:8)
  6 komodo dragons
  3 rime drakes
  14 demonic crawlers
  An ancient zyme (Lair:6)
  6 tyrant leeches
  Prince Ribbit (D:8)
  16 jumping spiders
  3 bloated husks
  6 trolls
  10 slime creatures (Swamp:4)
  A polar bear (Lair:6)
  13 hornets
  24 blink frogs
  A meliai zombie (D:8)
  3 shadows (Swamp:4)
  29 tarantellas
  12 spriggans
  6 wraiths
  5 wyverns
  53 redbacks
  A ynoxinul (Lair:6)
  2 fire elementals (Spider:2)
  A basilisk (shapeshifter) (Lair:6)
  12 yaks
  10 basilisks
  A chaos spawn (Lair:6)
  8 vampire mosquitoes
  3 steam dragons
  6 wargs
  13 water moccasins
  2 large abominations
  11 swamp worms
  An acid dragon (D:9)
  2 hell hounds (Spider:2)
  36 orc warriors
  2 ice beasts (D:7)
  A sky beast (D:7)
  A swamp drake (Orc:2)
  5 black bears
  6 ogres
  2 centaurs
  11 wolves
  2 phantoms (D:4)
  2 kobold brigands
  10 bullfrogs
  4 gnoll sergeants
  A scorpion (D:5)
  A wyvern zombie (D:8)
  8 small abominations (Lair:6)
  A water moccasin skeleton (D:6)
  14 killer bees
  A howler monkey (D:9)
  8 wights
  10 electric eels
  A crimson imp (Orc:2)
  3 centaur zombies
  27 orc priests
  A bullfrog skeleton (D:6)
  7 hounds
  A jelly (D:8)
  An iguana (D:4)
  An iron imp (Orc:2)
  A centaur skeleton (D:7)
  42 orc wizards
  A killer bee zombie (D:8)
  A howler monkey skeleton (D:6)
  13 adders
  14 gnolls
  6 river rats
  2 shadow imps
  2 white imps
  3 ufetubi
  2 worms (D:4)
  A dart slug (D:3)
  91 orcs
  3 bats
  3 endoplasms
  A giant cockroach (D:6)
  4 goblins
  A hobgoblin (D:1)
  29 kobolds
  6 ball pythons
  A frilled lizard (D:2)
  23 rats
  3 butterflies
909 creatures vanquished.

Vanquished Creatures (collateral kills)
  5 foxfires
5 creatures vanquished.

Vanquished Creatures (others)
  A bunyip (Swamp:2)
  1633 foxfires
  26 fungi
  33 plants
1693 creatures vanquished.

Grand Total: 2607 creatures vanquished

Notes
Turn   | Place    | Note
-------+----------+-------------------------------------------
     0 | D:1      | nxtlvl the Formicid Fire Elementalist began the quest for
                  | the Orb.
     0 | D:1      | Reached XP level 1. HP: 13/13 MP: 3/3
    38 | D:1      | Reached skill level 1 in Conjurations
   143 | D:1      | Reached XP level 2. HP: 9/19 MP: 3/5
   246 | D:3      | Noticed Grinder
   325 | D:2      | Found a faded altar of an unknown god.
   493 | D:3      | Reached XP level 3. HP: 20/24 MP: 2/6
   629 | D:4      | Reached XP level 4. HP: 21/30 MP: 1/7
   691 | D:4      | Reached XP level 5. HP: 17/35 MP: 2/8
   713 | D:4      | Found Woxim's Jewellery Shop.
   743 | D:4      | Noticed a phantom
  1024 | D:4      | Killed a phantom
  1025 | D:4      | Reached XP level 6. HP: 34/41 MP: 3/9
  1161 | D:4      | Found an ancient bone altar of Kikubaaqudgha.
  1181 | D:4      | Reached skill level 5 in Fire Magic
  1192 | D:5      | Entered Level 5 of the Dungeon
  1263 | D:4      | Learned a level 4 spell: Sticky Flame
  1267 | D:4      | Learned a level 3 spell: Conjure Flame
  1316 | D:5      | Noticed a black bear
  1373 | D:5      | Found a runed translucent gate.
  1373 | D:5      | Found a runed translucent gate.
  1373 | D:5      | Found a runed translucent gate.
  1376 | D:5      | Noticed RatsInWalls's ghost (amateur MfTm)
  1475 | D:5      | Reached XP level 7. HP: 15/46 MP: 10/10
  1684 | D:5      | Found the +7 pair of quick blades "Gyre" and "Gimble"
                  | {protect}
  1710 | D:6      | Found a staircase to the Ecumenical Temple.
  1716 | Temple   | Entered the Ecumenical Temple
  1737 | Temple   | Became a worshipper of Uskayaw the Reveller
  1763 | D:6      | Noticed a water moccasin
  1777 | D:6      | Reached * piety under Uskayaw
  1792 | D:6      | Found a glowing drain.
  1793 | D:6      | Reached ** piety under Uskayaw
  1800 | D:6      | Reached *** piety under Uskayaw
  1845 | Sewer    | Entered a sewer
  1917 | Sewer    | Reached skill level 1 in Short Blades
  2471 | D:6      | Reached XP level 8. HP: 52/52 MP: 6/12
  2583 | D:7      | Reached skill level 5 in Conjurations
  2947 | D:6      | Found an ornate altar of the Wu Jian Council.
  3004 | D:6      | Reached **** piety under Uskayaw
  3006 | D:6      | Reached skill level 5 in Short Blades
  3006 | D:6      | Reached XP level 9. HP: 57/57 MP: 3/13
  3331 | D:7      | Found a sparkling altar of Nemelex Xobeh.
  3552 | D:8      | Noticed Psyche
  3563 | D:8      | Killed Psyche
  3718 | D:8      | Reached ***** piety under Uskayaw
  3764 | D:8      | Noticed a troll
  3873 | D:8      | Reached skill level 1 in Invocations
  4022 | D:8      | Reached skill level 1 in Fighting
  4026 | D:8      | Noticed Gastronok
  4083 | D:8      | Reached XP level 10. HP: 65/65 MP: 11/15
  4106 | D:8      | Noticed Prince Ribbit
  4117 | D:8      | Killed Prince Ribbit
  4118 | D:8      | Reached skill level 3 in Stealth
  4171 | D:8      | Found a staircase to the Lair.
  4344 | D:9      | Reached skill level 4 in Stealth
  4433 | D:8      | Noticed a two-headed ogre
  4560 | D:9      | Learned a level 3 spell: Inner Flame
  4566 | D:9      | Learned a level 5 spell: Fireball
  4710 | Lair:1   | Entered Level 1 of the Lair of Beasts
  4826 | Lair:2   | Noticed a black mamba
  4832 | Lair:2   | Killed a black mamba
  4853 | Lair:2   | Noticed a rime drake
  4861 | Lair:2   | Killed a rime drake
  4862 | Lair:2   | Reached XP level 11. HP: 75/75 MP: 11/17
  4875 | Lair:2   | Reached skill level 5 in Stealth
  4944 | Lair:2   | Noticed Fannar
  5268 | Lair:3   | Noticed Snorg
  5569 | Lair:3   | Reached skill level 6 in Stealth
  5635 | Lair:3   | You fall into a shaft and drop 1 floor!
  5635 | Lair:4   | Noticed an elephant
  5635 | Lair:4   | Noticed an elephant
  5635 | Lair:4   | Noticed an elephant
  5644 | Lair:4   | Killed an elephant
  5645 | Lair:4   | Reached skill level 5 in Spellcasting
  5645 | Lair:4   | Reached skill level 5 in Invocations
  5646 | Lair:4   | Killed an elephant
  5654 | Lair:4   | Killed an elephant
  5656 | Lair:4   | Reached ****** piety under Uskayaw
  5671 | Lair:4   | Noticed an elephant
  5688 | Lair:4   | Killed an elephant
  5749 | Lair:5   | Noticed a seven-headed hydra
  5798 | Lair:4   | Reached skill level 5 in Fighting
  5945 | D:10     | Entered Level 10 of the Dungeon
  5979 | D:10     | Reached skill level 5 in Dodging
  6062 | D:10     | Noticed a two-headed ogre
  6077 | D:10     | Killed a two-headed ogre
  6078 | D:10     | Reached XP level 12. HP: 86/86 MP: 4/19
  6083 | D:10     | Noticed Urug
  6217 | D:10     | Reached skill level 7 in Stealth
  6614 | D:10     | Found a staircase to the Orcish Mines.
  6673 | Orc:1    | Entered Level 1 of the Orcish Mines
  6744 | Orc:1    | Noticed Josephine
  6749 | Orc:1    | Killed Josephine
  6762 | Orc:1    | Noticed a two-headed ogre
  6774 | Orc:1    | Killed a two-headed ogre
  6853 | Orc:1    | Reached skill level 8 in Stealth
  6981 | Orc:1    | Noticed an orc warlord
  6994 | Orc:1    | Noticed an orc warlord
  6999 | Orc:1    | You fall into a shaft and drop 1 floor!
  6999 | Orc:2    | Entered Level 2 of the Orcish Mines
  6999 | Orc:2    | Found a staircase to the Elven Halls.
  7087 | Orc:2    | Reached XP level 13. HP: 95/95 MP: 8/20
  7173 | Orc:2    | Reached skill level 10 in Fire Magic
  7247 | Orc:1    | Killed an orc warlord
  7248 | Orc:1    | Reached skill level 9 in Stealth
  7273 | Orc:1    | Killed an orc warlord
  7400 | Orc:1    | Identified the +1 ring mail of Yhucsys {+Inv Regen+ SInv}
  7420 | Orc:1    | Identified the +2 falchion of the Penguin {antimagic,
                  | *Corrode Will+ Dex+3}
  7582 | Orc:2    | Reached skill level 1 in Shields
  8366 | Orc:2    | Found Hecas's Armour Shoppe.
  8366 | Orc:2    | Found Zunorph's Distillery.
  8366 | Orc:2    | Found Bor Jehu's General Store.
  8370 | Orc:2    | Found Ogeopieh's Distillery.
  8408 | Orc:2    | Bought a scroll of magic mapping for 59 gold pieces
  8408 | Orc:2    | Bought a scroll of identify for 34 gold pieces
  8409 | Orc:2    | Bought a potion of curing for 33 gold pieces
  8409 | Orc:2    | Bought a potion of curing for 33 gold pieces
  8409 | Orc:2    | Bought a potion of lignification for 33 gold pieces
  8409 | Orc:2    | Bought a potion of attraction for 33 gold pieces
  8409 | Orc:2    | Bought a potion of curing for 33 gold pieces
  8409 | Orc:2    | Bought a potion of curing for 33 gold pieces
  8409 | Orc:2    | Bought a potion of magic for 88 gold pieces
  8411 | Orc:2    | Bought a potion of might for 52 gold pieces
  8411 | Orc:2    | Bought 2 potions of curing for 78 gold pieces
  8411 | Orc:2    | Bought a potion of flight for 39 gold pieces
  8411 | Orc:2    | Bought a potion of heal wounds for 65 gold pieces
  8411 | Orc:2    | Bought a potion of curing for 39 gold pieces
  8412 | Orc:2    | Bought the +1 pair of boots of the Dice {rC++ Int+2 Dex-2
                  | SInv} for 420 gold pieces
  8558 | D:9      | Reached skill level 10 in Stealth
  8705 | D:8      | Reached XP level 14. HP: 105/105 MP: 22/22
  8768 | D:8      | Killed Gastronok
  8769 | D:8      | Reached skill level 5 in Shields
  8864 | D:8      | Found a stormy altar of Qazlal.
  8864 | D:8      | Found a glowing silver altar of Zin.
  8865 | D:8      | Found a shimmering altar of Xom.
  9039 | D:4      | Bought the amulet of Zegy {Reflect Regen+ SH+5} for 518
                  | gold pieces
  9220 | Lair:2   | Killed Fannar
  9427 | Lair:4   | Identified the +1 cloak "Firit" {rN+}
  9737 | Lair:5   | Reached skill level 10 in Conjurations
  9857 | Lair:5   | Reached skill level 10 in Invocations
  9859 | Lair:5   | Reached skill level 11 in Stealth
  9954 | Lair:6   | Entered Level 6 of the Lair of Beasts
 10241 | Lair:6   | Reached XP level 15. HP: 109/110 MP: 10/24
 10423 | Lair:6   | Found a corrupted altar of Lugonu.
 10423 | Lair:6   | Found a one-way gate to the infinite horrors of the Abyss.
 10426 | Lair:6   | Noticed an azure jelly
 10426 | Lair:6   | a death yak changed into an azure jelly
 10441 | Lair:6   | Killed an azure jelly
 10448 | Lair:6   | Reached skill level 12 in Stealth
 10490 | Lair:6   | Identified 3 scrolls of acquirement
 10860 | Lair:6   | Acquired 888 gold pieces
 10862 | Lair:6   | Acquired the +4 pair of gloves "Lapyn" {rN+ Dex+2}
 10875 | Lair:6   | Acquired a book of Spectacle
 10886 | Lair:6   | Learned a level 6 spell: Starburst
 11077 | Lair:3   | Found a staircase to the Swamp.
 11122 | Swamp:1  | Entered Level 1 of the Swamp
 11352 | Swamp:2  | Noticed a tentacled monstrosity
 11366 | Swamp:2  | Killed a tentacled monstrosity
 11432 | Swamp:2  | Reached XP level 16. HP: 93/117 MP: 19/25
 11435 | Swamp:2  | Reached skill level 13 in Stealth
 11702 | Swamp:3  | Noticed a tentacled monstrosity
 11726 | Swamp:4  | Entered Level 4 of the Swamp
 11819 | Swamp:3  | Learned a level 5 spell: Bolt of Magma
 12037 | Swamp:4  | Found a runed translucent door.
 12037 | Swamp:4  | Found a shimmering altar of Xom.
 12037 | Swamp:4  | Noticed robertstho's ghost (adept MiHu)
 12037 | Swamp:4  | Identified the +4 executioner's axe "Jelly's Nightmare"
                  | {chaos, *Corrode rF+++ Str-5 Stlth+}
 12431 | Swamp:4  | Reached skill level 14 in Stealth
 12449 | Swamp:4  | Reached XP level 17. HP: 113/122 MP: 2/28
 12515 | Swamp:4  | Got a decaying rune of Zot
 12858 | Lair:3   | Found a hole to the Spider Nest.
 12927 | Spider:1 | Entered Level 1 of the Spider Nest
 13018 | Spider:1 | Noticed Donald
 13066 | Spider:1 | Killed Donald
 13441 | Spider:1 | Noticed karkarkar's ghost (journeyman MiBe)
 13598 | Spider:2 | Noticed Arachne
 13684 | Spider:2 | Noticed Azrael
 13705 | Spider:2 | Killed Azrael
 13865 | Spider:3 | Identified the +0 robe of Delicate Surprise {-Tele Harm rC-
                  | Regen+}
 13937 | Spider:4 | Entered Level 4 of the Spider Nest
 13939 | Spider:4 | Noticed Roxanne
 14051 | Spider:3 | Identified the +1 leather armour of the Barracuda {Rampage}
 14214 | Spider:4 | Reached XP level 18. HP: 118/131 MP: 8/30
 14312 | Spider:4 | Reached skill level 15 in Stealth
 14541 | Spider:4 | Noticed Bai Suzhen
 14569 | Spider:4 | Killed Bai Suzhen
 15031 | Spider:4 | Reached skill level 1 in Earth Magic
 15081 | Spider:4 | Got a gossamer rune of Zot
 15722 | D:12     | Noticed Jorgrun
 15753 | D:12     | Constricted to death by Jorgrun

Illustrated notes

Levels and vault maps discovered:
D:1:      eino_arrival_cavern_e, layout_basic
D:2:      layout_loops_ring, chequers_ecumenical_altar_island
D:3:      layout_basic, minivault_23, uniq_natasha, uniq_sigmund, uniq_grinder
D:4:      layout_loops_ring, marbit_many_paths, serial_shops,
          nicolae_lakefront_shop, grunt_ministairs_8, minmay_goblin_kobold_house
D:5:      layout_rooms, ebering_ghost_rock_garden, st_stairs_9
D:6:      layout_basic, pdpol_wu_jian_five_deadly_venoms, temple_green,
          portal_sewer_entry_a, corexii_hall_statues_u, uniq_menkaure
D:7:      layout_basic, nemelex_diamond_rough_becter
D:8:      layout_rooms, gammafunk_temple_overflow_claw, erik_lair_island,
          hangedman_glass_garden, minmay_stone_trees_small, uniq_prince_ribbit1,
          uniq_gastronok, uniq_psyche
D:9:      layout_cave_pools
D:10:     layout_stronghold, david_orc_5, uniq_urug
D:11:     fort_yaktaur, layout_gridville, dk_vineyard_2, dk_noncrumbling_2,
          nicolae_ashenzari_panopticon
D:12:     erik_rubicon_b, layout_basic, uniq_jorgrun
Temple:   lightli_temple_of_artemis
Lair:1:   layout_cave_pods, grunt_megastairs_3
Lair:2:   layout_cave_pods, uniq_fannar
Lair:3:   layout_regular_city, nicolae_swamp_entry_splash_gauntlet,
          spider_nest_entry_funnel_web, uniq_snorg
Lair:4:   layout_roguey, beast_lair_carwin_4, infiniplex_staircase_pool_2
Lair:5:   layout_long_grid, minmay_slime_entry_oklob_enclosed,
          beast_lair_carwin_9
Lair:6:   hellmonk_lair_end_abyssal_woods, layout_small_grid,
          lemuel_fruit_fields
Swamp:1:  layout_basic_swamp, evilmike_swamp_ruin_house_2
Swamp:2:  layout_falls_marsh, evilmike_swamp_ruin_rubble_1
Swamp:3:  layout_basic_swamp, evilmike_swamp_ruin_house_5, swamp_pool1,
          nicolae_swamp_bean_lake
Swamp:4:  swamp_vile, layout_basic_swamp, ebering_ghost_xom, swamp_pool1
Spider:1: layout_chambers, gammafunk_ghost_arena,
          hangedman_spider_tarantella_strand, uniq_donald
Spider:2: layout_chambers, uniq_asterion, uniq_azrael, uniq_arachne
Spider:3: layout_spider_delve, hangedman_spider_mandibles,
          nicolae_spider_wall_of_niches
Spider:4: guppyfry_spider_rune, uniq_roxanne, uniq_bai_suzhen
Orc:1:    nicolae_orc_accident_1, layout_diamond_mine, basic_altar,
          minmay_orc_treasury, uniq_josephine
Orc:2:    st_orc_mages, layout_caves, hangedman_minor_magic

Skill      XL: |  1  2  3  4  5  6  7  8  9 10 11 12 13 14 15 16 17 18 |
---------------+-------------------------------------------------------+-----
Conjurations   | 1 2 3 4 5 6 7 8 9 10 11 12 | 12.7
Fire Magic     | 4 5 6 7 8 9 10 11 12 13 14 | 14.0
Short Blades   | 2 5 7 8 |  8.0
Spellcasting   | 3 4 5 6 7 8 9 |  9.5
Dodging        | 2 3 5 6 7 8 9 |  9.9
Invocations    | 1 3 5 7 9 10 11 12 13 14 | 14.2
Fighting       | 1 3 5 6 8 9 |  9.4
Stealth        | 4 6 8 10 11 12 14 15 | 15.4
Shields        | 4 8 9 |  9.0
Earth Magic    | 2 |  2.0

Action                   |  1- 3 |  4- 6 |  7- 9 | 10-12 | 13-15 | 16-18 || total
-------------------------+-------+-------+-------+-------+-------+-------++-------
Melee: Short sword       |    11 |     6 |       |       |       |       ||    17
       Pair of quick bla |       |       |    67 |   282 |   821 |  1166 ||  2336
       Unarmed           |       |       |     1 |       |       |       ||     1
Throw: Dart              |     9 |    24 |    10 |     2 |       |       ||    45
 Cast: Foxfire           |    37 |    43 |   204 |   275 |   259 |   121 ||   939
       Sticky Flame      |       |       |       |     6 |    34 |    52 ||    92
       Fireball          |       |       |       |     5 |    31 |    28 ||    64
       Bolt of Magma     |       |       |       |       |       |    21 ||    21
       Starburst         |       |       |       |       |       |     2 ||     2
Invok: Grand Finale      |       |       |       |       |     1 |     1 ||     2
 Abil: Dig               |     3 |     5 |     4 |    19 |    16 |    14 ||    61
       Shaft Self        |       |       |       |     1 |       |       ||     1
Evoke: Wand              |       |       |       |    10 |    21 |     3 ||    34
  Use: Scroll            |       |       |     9 |     3 |    11 |     4 ||    27
       Potion            |       |       |       |     2 |     5 |     7 ||    14
 Stab: Paralysed         |       |       |     4 |    20 |    48 |    59 ||   131
       Sleeping          |       |       |       |     2 |    12 |    22 ||    36
       Distracted        |       |       |       |       |       |     3 ||     3
Armor: Robe              |     3 |     1 |     1 |       |    54 |     9 ||    68
       Ring mail         |       |     1 |       |       |       |       ||     1
       Leather armour    |       |       |     5 |     1 |       |       ||     6
       Troll leather arm |       |       |       |    28 |    27 |       ||    55
       Swamp dragon scal |       |       |       |       |     3 |   252 ||   255
Dodge: Dodged            |    20 |    20 |    17 |    57 |   167 |   279 ||   560
Block: Other             |       |       |     1 |    17 |     6 |       ||    24
       Reflection        |       |       |       |     2 |     6 |     4 ||    12
       Kite shield       |       |       |       |       |   227 |   584 ||   811
